 Dungeon Crawl Stone Soup version 0.29.0-7-g18a832c13a (webtiles) character file.

Game seed: 4899154869587253002

480 concernfroge the Trooper (level 6, -13/55 HPs)
             Began as a Mummy Monk on Aug 31, 2022.
             Was a Believer of Okawaru.
             Killed from afar by a ynoxinul (19 damage)
             ... with an iron shot
             ... on level 2 of the Abyss.
             The game lasted 00:15:01 (3947 turns).

concernfroge the Trooper (Mummy Monk)               Turns: 3947, Time: 00:15:01

Health: -13/55     AC: 10    Str: 16      XL:     6   Next: 86%
Magic:  6/6        EV:  4    Int: 10      God:    Okawaru [**....]
Gold:   153        SH:  0    Dex: 10 (14) Spells: 5/5 levels left

rFire   x . .      SeeInvis .   k - +0 scythe
rCold   + . .      Faith    .   (shield currently unavailable)
rNeg    + + +      Spirit   .   d - +0 plate armour
rPois   ∞          Reflect  .   (no helmet)
rElec   .          Harm     .   (no cloak)
rCorr   .          Rampage  .   (no gloves)
Will    .....                   (no boots)
Stlth   ..........              (no amulet)
HPRegen 0.18/turn               (no ring)
MPRegen 0.10/turn               (no ring)

@: no status effects
A: cold resistance 1, negative energy resistance 3, torment resistance 2, heat
vulnerability 1, in touch with death 1, no potions
a: Renounce Religion, Heroism


You were on level 2 of the Abyss.
You worshipped Okawaru.
Okawaru was pleased with you.
You visited 1 branch of the dungeon, and saw 5 of its levels.
You visited the Abyss 1 time.

You collected 234 gold pieces.
You spent 81 gold pieces at shops.

Inventory:

Hand Weapons
 k - a +0 scythe (weapon)
Missiles
 g - 4 poisoned darts
 i - 7 boomerangs
Armour
 d - a +0 plate armour (worn)
 f - the +1 robe of Grottiness {Fly SInv}
   (You found it on level 2 of the Dungeon)

   SInv:      It lets you see invisible.
   Fly:       It grants you flight.
Wands
 a - a wand of flame (5) (quivered)
 b - a wand of iceblast (1)
Scrolls
 h - 2 scrolls of fear
 j - a scroll of identify


   Skills:
 - Level 7.0 Fighting
 + Level 3.5 Polearms
 - Level 2.4 Dodging
 - Level 1.5 Stealth
 - Level 1.0 Invocations


You had 5 spell levels left.
You didn't know any spells.
Your spell library contained the following spells:

 Spells                   Type           Power      Damage    Failure   Level
 Sandblast                Erth           0%         2d4       100%        1
 Passwall                 Tmut/Erth      0%         N/A       100%        2
 Poisonous Vapours        Pois/Air       0%         N/A       100%        2
 Gell's Gravitas          Tloc           0%         N/A       100%        3
 Lesser Beckoning         Tloc           0%         N/A       100%        3
 Stone Arrow              Conj/Erth      0%         3d7       100%        3
 Teleport Other           Tloc           0%         N/A       100%        3
 Corpse Rot               Necr/Pois/Air  0%         N/A       100%        4
 Dispersal                Tloc           0%         N/A       100%        6


Dungeon Overview and Level Annotations

Branches:
Dungeon (5/15)
 Temple: D:4-7

Altars:
Ashenzari
Okawaru
Qazlal
Xom

Shops:
D:2 =([(?


Innate Abilities, Weirdness & Mutations

You are immune to poison.
Your flesh is cold resistant. (rC+)
You are immune to negative energy. (rN+++)
You are immune to unholy pain and torment.
You are vulnerable to heat. (rF-)
You are in touch with the powers of death.
You do not drink.


Message History

The shadow attacks as you move away! The shadow hits you.
The shadow slips into darkness.
The shadow flickers and vanishes!
Deactivating autopickup; reactivate with Ctrl-A.
The ancient zyme attacks as you move away!
The ancient zyme hits you.
The ancient zyme hits you but does no damage.
The hellephant blinks!
The hellephant blinks!
The ancient zyme attacks as you move away!
The ancient zyme hits you!
The ancient zyme hits you but does no damage.
The ancient zyme attacks as you move away!
The ancient zyme hits you. x2
The hellephant blinks!
Blink to where?
Press: ? - help, Dir - move target A raiju comes into view.
As you read the scroll of blinking, it crumbles to dust.
The raiju barks!
Something shouts, "Quit, thou impertinent common-kissing mendicant!"
The raiju bursts into living lightning!
The living lightning hits you!!
The raiju blinks!
Okay, then.
The raiju bites you.
* * * LOW HITPOINT WARNING * * *
The raiju shocks you!
* * * LOW HITPOINT WARNING * * *
A white imp comes into view.
Blink to where?
Press: ? - help, Dir - move target
As you read the scroll of blinking, it crumbles to dust.
The white imp gestures at you. The puff of frost hits you. You resist.
* * * LOW HITPOINT WARNING * * *
A small abomination comes into view.
A ynoxinul comes into view.
The ynoxinul gestures at you. The iron shot hits you!!
You die...

.# # #.
.## #.
#... ..
##x.# #3
#...# #.
...#.#
#.##....#
#@.#
#.##.# ##
#.. .## #


You could see a ynoxinul and a small abomination.

Vanquished Creatures
  Sigmund (D:3)
  A quasit (Abyss:1)
  An orc priest (D:3)
  Terence (D:2)
  Ijyb (D:4)
  Natasha (twice) (D:4)
  A gnoll (D:5)
  6 adders
  2 ufetubi
  3 worms (D:4)
  5 orcs
  10 bats
  5 endoplasms
  4 giant cockroaches
  7 hobgoblins
  5 quokkas (D:1)
  5 ball pythons
  5 frilled lizards
  5 goblins
  5 kobolds
  2 rats
77 creatures vanquished.

Notes
Turn   | Place    | Note
-------+----------+-------------------------------------------
     0 | D:1      | concernfroge the Mummy Monk began the quest for the Orb.
     0 | D:1      | Reached XP level 1. HP: 18/18 MP: 1/1
   240 | D:1      | Reached XP level 2. HP: 24/24 MP: 2/2
   493 | D:2      | Reached skill level 4 in Fighting
   554 | D:2      | Gained mutation: You are in touch with the powers of death.
                  | [Mummy growth]
   554 | D:2      | Reached XP level 3. HP: 22/30 MP: 3/3
   679 | D:2      | Found Xelleev's Magic Scroll Boutique.
   816 | D:2      | Found Muph's Antique Armour Emporium.
   866 | D:2      | Identified the +1 robe of Grottiness {Fly SInv}
   911 | D:2      | Found Xotoac's Jewellery Shoppe.
  1005 | D:2      | Found a faded altar of an unknown god.
  1013 | D:2      | Found Vumneis's Weapon Shop.
  1013 | D:2      | Noticed Terence
  1017 | D:2      | Killed Terence
  1018 | D:2      | Reached skill level 5 in Fighting
  1018 | D:2      | Reached XP level 4. HP: 39/39 MP: 4/4
  1174 | D:2      | Found Noufit's Antique Weapon Boutique.
  1477 | D:3      | Noticed Sigmund
  2218 | D:3      | Reached XP level 5. HP: 6/46 MP: 5/5
  2498 | D:3      | Found a shimmering altar of Xom.
  2671 | D:3      | Killed Sigmund
  2672 | D:3      | Reached skill level 7 in Fighting
  2672 | D:3      | Reached XP level 6. HP: 55/55 MP: 6/6
  2731 | D:2      | Bought a chain mail for 81 gold pieces
  3183 | D:4      | Found a broken altar of Ashenzari.
  3192 | D:4      | Found a stormy altar of Qazlal.
  3197 | D:4      | Noticed Natasha
  3206 | D:4      | Killed Natasha
  3246 | D:4      | Noticed an air elemental
  3253 | D:4      | Noticed a water elemental
  3256 | D:4      | Noticed a fire elemental
  3314 | D:4      | Noticed Ijyb
  3319 | D:4      | Killed Ijyb
  3352 | D:4      | Found an iron altar of Okawaru.
  3356 | D:4      | Became a worshipper of Warmaster Okawaru
  3356 | D:4      | Reached * piety under Okawaru
  3356 | D:4      | Reached ** piety under Okawaru
  3599 | D:4      | Noticed Natasha
  3604 | D:4      | Killed Natasha
  3656 | D:5      | Entered Level 5 of the Dungeon
  3708 | Abyss:1  | Cast into level 1 of the Abyss (gnoll)
  3755 | Abyss:1  | Noticed a bone dragon
  3780 | Abyss:1  | Reached skill level 1 in Invocations
  3802 | Abyss:1  | Noticed a tentacled monstrosity
  3835 | Abyss:1  | Noticed a ynoxinul
  3840 | Abyss:1  | Noticed a sky beast
  3920 | Abyss:2  | Noticed a hellephant
  3921 | Abyss:2  | Noticed a shadow
  3924 | Abyss:2  | Noticed an ancient zyme
  3939 | Abyss:2  | Noticed a raiju
  3947 | Abyss:2  | Noticed a ynoxinul
  3947 | Abyss:2  | Killed from afar by a ynoxinul

Illustrated notes

Levels and vault maps discovered:
D:1:      lightli_arrival_maybe_door_vault, layout_rooms, minmay_split_cup_small
D:2:      layout_basic, serial_shops, nicolae_lakefront_shop,
          nicolae_shop_waterfront, shop, shop, shop,
          hellmonk_ecumenical_altar_leap_of_faith, uniq_terence
D:3:      layout_loops_ring, mainiacjoe_overflow_tiny_flanked, st_stairs_10,
          uniq_sigmund
D:4:      layout_cave_pools, mainiacjoe_overflow_paths,
          mainiacjoe_overflow_24_doors, nicolae_qazlal_style_of_elements,
          serial_glass, glass_columns_b, glass_columns_b, uniq_ijyb,
          uniq_natasha
D:5:      layout_basic, mainiacjoe_overflow_cross_hatched,
          vehumet_altar_wand_db, chequers_garden
Abyss:2:  base: D:3, hangedman_abyss_exit_choices, minivault_25

Skill      XL: |  1  2  3  4  5  6 |
---------------+-------------------+-----
Fighting       | 4 5 7 |  7.0
Polearms       | 3 |  3.5
Invocations    | 1 |  1.0
Dodging        | |  2.4
Stealth        | |  1.5

Action                   |  1- 3 |  4- 6 || total
-------------------------+-------+-------++-------
Melee: Rapier            |    91 |   106 ||   197
       Spear             |     6 |       ||     6
       Punch             |     1 |     2 ||     3
       Halberd           |       |    80 ||    80
Throw: Dart              |       |     5 ||     5
       Boomerang         |       |     5 ||     5
Evoke: Wand              |     2 |    14 ||    16
  Use: Scroll            |     2 |     3 ||     5
 Stab: Distracted        |     1 |     1 ||     2
       Sleeping          |     3 |     2 ||     5
Armor: Robe              |     6 |       ||     6
       Leather armour    |    48 |    38 ||    86
       Plate armour      |       |   124 ||   124
       Chain mail        |       |     1 ||     1
Dodge: Dodged            |    94 |    93 ||   187
